[Event "41st Jacques-Lemans-Open 2022"]
[Site "St. Veit/Glan"]
[Date "2022.07.15"]
[Round "8.19"]
[White "Wallner, Dieter"]
[Black "Moeller, Dustin"]
[Result "0-1"]
[ECO "D00"]
[WhiteElo "2018"]
[BlackElo "2237"]
[Annotator "ChessBase"]
[PlyCount "120"]
[EventDate "2022.07.09"]
[EventType "swiss"]
[EventCountry "AUT"]
[SourceTitle "playchess.com"]
[Source "ChessBase"]
[SourceQuality "1"]
[TimeControl "40/5400+30:1800+30"]

1. d4 d5 2. Nc3 Nf6 3. Bf4 c5 4. e3 cxd4 5. exd4 a6 6. Nf3 Nc6 7. Ne5 Bd7 8. g4 h6 9. Bg2 e6 10. h4 Qb6 11. g5 hxg5 12. hxg5 Rxh1+ 13. Bxh1 Qxb2 14. Bd2 Nxe5 15. gxf6 Nc6 16. Rb1 Qa3 17. fxg7 Bxg7 18. Rxb7 Bxd4 19. Rb3 Qd6 20. Qg4 O-O-O 21. Qe2 Nb8 22. Qd3 Qe5+ 23. Ne2 Qh2 24. Rxb8+ Qxb8 25. Qxa6+ Qb7 26. Qxb7+ Kxb7 27. Nxd4 Kb6 28. a3 Ba4 29. f4 Rc8 30. c3 Bd7 31. Bf3 Ra8 32. Bc1 Bc8 33. Kf2 Ba6 34. Be3 Ka5 35. Nc6+ Kb5 36. Nb4 Bb7 37. Be2+ Ka4 38. Bc1 Kb3 39. Nd3 Kxc3 40. Ke3 d4+ 41. Kf2 Ba6 42. Bb2+ Kc2 43. Nb4+ Kxb2 44. Nxa6 Kc3 45. Nc5 Rxa3 46. Bh5 Ra5 47. Ne4+ Kd3 48. Bf3 Ra2+ 49. Kg3 Ke3 50. Ng5 Rf2 51. Bh5 Rxf4 52. Nxf7 Rf5 53. Bg6 Rd5 54. Kg4 d3 55. Ng5 d2 56. Bc2 e5 57. Kf5 e4+ 58. Kf6 d1=Q 59. Bxd1 Rxd1 60. Ke5 Rd8 0-1

[Event "41st Jacques-Lemans-Open 2022"]
[Site "St. Veit/Glan"]
[Date "2022.07.15"]
[Round "8.20"]
[White "Hechl, Fabian"]
[Black "Bauer, Thomas"]
[Result "1-0"]
[ECO "B50"]
[WhiteElo "1991"]
[BlackElo "2228"]
[Annotator "ChessBase"]
[PlyCount "73"]
[EventDate "2022.07.09"]
[EventType "swiss"]
[EventCountry "AUT"]
[SourceTitle "playchess.com"]
[Source "ChessBase"]
[SourceQuality "1"]
[TimeControl "40/5400+30:1800+30"]

1. e4 c5 2. Nf3 d6 3. Nc3 Nf6 4. e5 dxe5 5. Nxe5 a6 6. g3 Qc7 7. d4 cxd4 8. Qxd4 Nc6 9. Nxc6 Qxc6 10. Bg5 Nd7 11. O-O-O f6 12. Bc4 e5 13. Rhe1 Be7 14. Qd5 fxg5 15. Qf7+ Kd8 16. Rxe5 Bf6 17. Re6 Qc5 18. Rxf6 gxf6 19. Qxf6+ Kc7 20. Qxh8 Qxc4 21. Qxh7 a5 22. Qf5 g4 23. Nb5+ Kb8 24. Rxd7 Qf1+ 25. Kd2 Ra6 26. Rd8 Rc6 27. Qe5+ Ka8 28. Nc7+ Kb8 29. Ne8+ Ka8 30. Qxa5+ Kb8 31. Qe5+ Ka7 32. Qd4+ Kb8 33. Nd6 Qh3 34. Nxc8 Qh6+ 35. Qf4+ Qxf4+ 36. gxf4 Kc7 37. Rh8 1-0

[Event "41st Jacques-Lemans-Open 2022"]
[Site "St. Veit/Glan"]
[Date "2022.07.15"]
[Round "8.21"]
[White "Schein, Karl-Heinz"]
[Black "Higatsberger, Michael"]
[Result "1/2-1/2"]
[ECO "D32"]
[WhiteElo "2167"]
[BlackElo "2021"]
[Annotator "ChessBase"]
[PlyCount "73"]
[EventDate "2022.07.09"]
[EventType "swiss"]
[EventCountry "AUT"]
[SourceTitle "playchess.com"]
[Source "ChessBase"]
[SourceQuality "1"]
[TimeControl "40/5400+30:1800+30"]

1. d4 d5 2. c4 e6 3. Nc3 c5 4. cxd5 exd5 5. Nf3 Nc6 6. dxc5 d4 7. Na4 Bxc5 8. Nxc5 Qa5+ 9. Bd2 Qxc5 10. Rc1 Qb6 11. e3 Nf6 12. Bc4 dxe3 13. Bxe3 Qb4+ 14. Qd2 Qxd2+ 15. Nxd2 O-O 16. O-O Be6 17. Bxe6 fxe6 18. Nc4 Rfd8 19. Rfd1 Rxd1+ 20. Rxd1 Nd5 21. Kf1 Rd8 22. Ke2 b5 23. Na3 a6 24. Nc2 Rc8 25. Ne1 Ncb4 26. a3 Nc2 27. Nxc2 Rxc2+ 28. Rd2 Rc4 29. Kd3 Kf7 30. g3 Ke7 31. Bd4 g6 32. Re2 Rc1 33. Rc2 Rxc2 34. Kxc2 Kd6 35. Kd3 e5 36. Ba7 Nf6 37. f4 1/2-1/2

[Event "41st Jacques-Lemans-Open 2022"]
[Site "St. Veit/Glan"]
[Date "2022.07.15"]
[Round "8.22"]
[White "Schwab, Lukas"]
[Black "Fuchs, Patrick"]
[Result "1/2-1/2"]
[ECO "B33"]
[WhiteElo "2166"]
[BlackElo "1990"]
[Annotator "ChessBase"]
[PlyCount "45"]
[EventDate "2022.07.09"]
[EventType "swiss"]
[EventCountry "AUT"]
[SourceTitle "playchess.com"]
[Source "ChessBase"]
[SourceQuality "1"]
[TimeControl "40/5400+30:1800+30"]

1. e4 c5 2. Nf3 Nc6 3. d4 cxd4 4. Nxd4 Nf6 5. Nc3 e5 6. Ndb5 d6 7. Bg5 a6 8. Na3 b5 9. Nd5 Be7 10. Bxf6 Bxf6 11. c3 O-O 12. Nc2 Rb8 13. g3 Bg5 14. Bg2 a5 15. O-O Ne7 16. Nce3 Bxe3 17. Nxe3 Be6 18. Qd2 Qb6 19. Kh1 b4 20. c4 Rfd8 21. f4 f6 22. b3 Nc6 23. Nc2 1/2-1/2

[Event "41st Jacques-Lemans-Open 2022"]
[Site "St. Veit/Glan"]
[Date "2022.07.15"]
[Round "8.23"]
[White "Ernst, Robert"]
[Black "Kienboeck, Benjamin"]
[Result "1/2-1/2"]
[ECO "E44"]
[WhiteElo "2001"]
[BlackElo "2151"]
[Annotator "ChessBase"]
[PlyCount "93"]
[EventDate "2022.07.09"]
[EventType "swiss"]
[EventCountry "AUT"]
[SourceTitle "playchess.com"]
[Source "ChessBase"]
[SourceQuality "1"]
[TimeControl "40/5400+30:1800+30"]

1. d4 Nf6 2. c4 e6 3. Nc3 Bb4 4. e3 b6 5. Nge2 Ne4 6. Qc2 Bb7 7. a3 Bxc3+ 8. Nxc3 Nxc3 9. Qxc3 d6 10. Bd3 Qg5 11. Rg1 Qh4 12. h3 O-O 13. b4 a5 14. Bb2 axb4 15. axb4 Rxa1+ 16. Bxa1 Nd7 17. Ke2 f5 18. Bb2 Qe7 19. f4 Nf6 20. g4 fxg4 21. hxg4 Ne4 22. Qc2 d5 23. Bxe4 dxe4 24. b5 Ra8 25. Qc3 Ra4 26. Ra1 Rxa1 27. Bxa1 Qh4 28. g5 Bc8 29. d5 e5 30. Qxe5 Bg4+ 31. Kd2 Qf2+ 32. Kc3 Qxe3+ 33. Kb4 Qc5+ 34. Kc3 Bd7 35. Bb2 Bxb5 36. Qe6+ Kf8 37. Qf5+ Ke7 38. Qxe4+ Kd8 39. Kb3 Bd7 40. Ba3 Qa5 41. Qe7+ Kc8 42. Qb4 Qa6 43. f5 Qa5 44. Qxa5 bxa5 45. f6 gxf6 46. gxf6 Be8 47. f7 1/2-1/2

[Event "41st Jacques-Lemans-Open 2022"]
[Site "St. Veit/Glan"]
[Date "2022.07.15"]
[Round "8.24"]
[White "Kempe, Caius Emilian"]
[Black "Leitner, Gerald"]
[Result "0-1"]
[ECO "D15"]
[WhiteElo "1877"]
[BlackElo "2145"]
[Annotator "ChessBase"]
[PlyCount "134"]
[EventDate "2022.07.09"]
[EventType "swiss"]
[EventCountry "AUT"]
[SourceTitle "playchess.com"]
[Source "ChessBase"]
[SourceQuality "1"]
[TimeControl "40/5400+30:1800+30"]

1. d4 d5 2. c4 c6 3. Nc3 Nf6 4. Nf3 a6 5. cxd5 cxd5 6. Bg5 Nc6 7. e3 Ne4 8. Nxe4 dxe4 9. Nd2 Qa5 10. Bf4 Bf5 11. Be2 e5 12. dxe5 Rd8 13. a3 Nxe5 14. b4 Qd5 15. Nb3 Nd3+ 16. Bxd3 exd3 17. O-O g5 18. Bg3 Bg7 19. Rc1 d2 20. Rc5 Qd3 21. Nd4 Bxd4 22. exd4 O-O 23. Rxf5 Qxf5 24. Qxd2 Rfe8 25. f3 Qd5 26. Bf2 Re6 27. Qc2 Rc6 28. Qd2 Rdc8 29. h4 gxh4 30. Bxh4 Rc2 31. Qf4 Qh5 32. Re1 Qg6 33. g3 h6 34. g4 Ra2 35. Bf6 Qc2 36. Qg3 Qd2 37. g5 Qc2 38. gxh6+ Qg6 39. Qxg6+ fxg6 40. Rd1 Rcc2 41. Bg7 Kh7 42. f4 b5 43. Kf1 Rf2+ 44. Kg1 Rg2+ 45. Kh1 Rh2+ 46. Kg1 Rag2+ 47. Kf1 Rg4 48. Re1 Rxf4+ 49. Kg1 Rh5 50. Kg2 Rg5+ 51. Kh3 Rf3+ 52. Kh2 Rf2+ 53. Kh3 Rgf5 54. Kg3 R2f3+ 55. Kg2 g5 56. Re7 Rf7 57. Re5 g4 58. Re4 Rxa3 59. Rxg4 Ra4 60. d5 a5 61. d6 axb4 62. Rd4 b3 63. Rd1 Rd7 64. Kf3 Ra6 65. Rd5 Rdxd6 66. Rxb5 Rab6 67. Rg5 b2 0-1

[Event "41st Jacques-Lemans-Open 2022"]
[Site "St. Veit/Glan"]
[Date "2022.07.15"]
[Round "8.25"]
[White "Praznik, Anton"]
[Black "Blasge, Tobias"]
[Result "0-1"]
[ECO "B12"]
[WhiteElo "2137"]
[BlackElo "1826"]
[Annotator "ChessBase"]
[PlyCount "118"]
[EventDate "2022.07.09"]
[EventType "swiss"]
[EventCountry "AUT"]
[SourceTitle "playchess.com"]
[Source "ChessBase"]
[SourceQuality "1"]
[TimeControl "40/5400+30:1800+30"]

1. e4 c6 2. d4 d5 3. e5 Bf5 4. Ne2 e6 5. h4 h5 6. Nd2 c5 7. c3 Nc6 8. Nb3 c4 9. Nd2 f6 10. f4 Be7 11. g3 Nh6 12. Bg2 b5 13. Bf3 Bg6 14. Nf1 O-O 15. Ng1 fxe5 16. fxe5 Ng4 17. Ne3 Nxe3 18. Bxe3 Bd3 19. Be2 Be4 20. Nf3 b4 21. O-O Qa5 22. Qd2 Rab8 23. Ng5 Bxg5 24. Rxf8+ Rxf8 25. Bxg5 Bg6 26. a3 bxc3 27. bxc3 Qb6 28. g4 hxg4 29. Bxg4 Nxe5 30. Be2 Nf3+ 31. Bxf3 Rxf3 32. Rf1 Rg3+ 33. Kh2 Rd3 34. Qe1 Be4 35. Rf2 e5 36. Be3 Qd8 37. Rf1 Qd6 38. dxe5 Qxe5+ 39. Bf4 Qxc3 40. Qxc3 Rxc3 41. Be5 Rxa3 42. Rg1 g6 43. h5 Kh7 44. hxg6+ Bxg6 45. Bd4 Rf3 46. Ra1 Kh6 47. Rxa7 Be4 48. Kg1 Kg5 49. Rg7+ Kf4 50. Rd7 Rd3 51. Bc5 c3 52. Rf7+ Bf5 53. Kf2 c2 54. Bd6+ Ke4 55. Re7+ Kd4 56. Bf4 Rd1 57. Rc7 Bd3 58. Be3+ Ke5 59. Rc8 Bc4 0-1

[Event "41st Jacques-Lemans-Open 2022"]
[Site "St. Veit/Glan"]
[Date "2022.07.15"]
[Round "8.26"]
[White "Miazhynski, Michael"]
[Black "Zoernpfenning, Siegfried"]
[Result "1/2-1/2"]
[ECO "C26"]
[WhiteElo "1994"]
[BlackElo "2114"]
[Annotator "ChessBase"]
[PlyCount "55"]
[EventDate "2022.07.09"]
[EventType "swiss"]
[EventCountry "AUT"]
[SourceTitle "playchess.com"]
[Source "ChessBase"]
[SourceQuality "1"]
[TimeControl "40/5400+30:1800+30"]

1. e4 e5 2. Nc3 Nf6 3. g3 Bb4 4. Nge2 O-O 5. Bg2 c6 6. O-O d5 7. a3 Bxc3 8. Nxc3 d4 9. Ne2 d3 10. Nc3 Bg4 11. f3 Be6 12. Re1 dxc2 13. Qxc2 Qb6+ 14. Kh1 Bb3 15. Qb1 c5 16. d3 Nc6 17. Be3 Nd4 18. Rc1 Rac8 19. f4 Ng4 20. Bg1 exf4 21. gxf4 Qh6 22. Rf1 Bc2 23. Qe1 Bxd3 24. Qg3 Bxf1 25. Rxf1 Nf6 26. f5 Qh5 27. e5 Nxf5 28. Qf4 1/2-1/2

[Event "41st Jacques-Lemans-Open 2022"]
[Site "St. Veit/Glan"]
[Date "2022.07.15"]
[Round "8.27"]
[White "Sucher, Johannes"]
[Black "Tumanyan, Gor"]
[Result "1-0"]
[ECO "A05"]
[WhiteElo "2164"]
[BlackElo "1884"]
[Annotator "ChessBase"]
[PlyCount "47"]
[EventDate "2022.07.09"]
[EventType "swiss"]
[EventCountry "AUT"]
[SourceTitle "playchess.com"]
[Source "ChessBase"]
[SourceQuality "1"]
[TimeControl "40/5400+30:1800+30"]

1. Nf3 Nf6 2. g3 c5 3. Bg2 Nc6 4. d4 cxd4 5. Nxd4 e5 6. Nb5 d6 7. c4 Be7 8. O-O O-O 9. b3 Be6 10. N1c3 a6 11. Na3 Rc8 12. Nc2 Qc7 13. Bb2 Rfd8 14. Ne3 Bf8 15. Qd2 Ne7 16. Rfd1 Nf5 17. Ncd5 Nxd5 18. Nxd5 Bxd5 19. Qxd5 b5 20. cxb5 axb5 21. Bh3 Qc2 22. Rd2 Qc6 23. Qxc6 Rxc6 24. Bxf5 1-0

[Event "41st Jacques-Lemans-Open 2022"]
[Site "St. Veit/Glan"]
[Date "2022.07.15"]
[Round "8.28"]
[White "Wiedner, Robert"]
[Black "Enne, Harald"]
[Result "1/2-1/2"]
[ECO "A31"]
[WhiteElo "2133"]
[BlackElo "1919"]
[Annotator "ChessBase"]
[PlyCount "156"]
[EventDate "2022.07.09"]
[EventType "swiss"]
[EventCountry "AUT"]
[SourceTitle "playchess.com"]
[Source "ChessBase"]
[SourceQuality "1"]
[TimeControl "40/5400+30:1800+30"]

1. c4 c5 2. Nf3 Nf6 3. d4 cxd4 4. Nxd4 g6 5. Nc3 Bg7 6. g3 O-O 7. Bg2 Nc6 8. O-O Nxd4 9. Qxd4 d6 10. Qd2 Rb8 11. b3 b6 12. Bb2 Bb7 13. e4 a6 14. Rfe1 Qc7 15. Re2 Rfe8 16. h3 Rbd8 17. Rd1 Qb8 18. Qe3 Ba8 19. Red2 b5 20. cxb5 axb5 21. b4 Nd7 22. f4 Nb6 23. Bf1 Bc6 24. Nd5 Bxb2 25. Rxb2 Nc4 26. Bxc4 bxc4 27. Nc3 Rc8 28. a4 e6 29. b5 d5 30. e5 Ba8 31. Qd4 Re7 32. b6 Bb7 33. Kf2 Rc6 34. a5 Qa8 35. Rb5 Re8 36. Ra1 Ba6 37. Rb2 Qb7 38. g4 Qe7 39. Kg3 Rb8 40. g5 Rbc8 41. Kf3 Rb8 42. h4 Rb7 43. h5 Qf8 44. h6 Qe7 45. Ke3 Rd7 46. Kd2 Rc5 47. Kc2 Rc6 48. Ra4 Rb7 49. Nb5 Rb8 50. Kc3 Qb7 51. Rbb4 Bxb5 52. Rxb5 Qa6 53. Rab4 Qb7 54. Rb2 Rbc8 55. Rb1 Kf8 56. Kc2 Ke8 57. Qa1 Ra8 58. Qa3 Kd7 59. Kc3 Ra6 60. Qb4 Ra8 61. Ra1 Ke8 62. Rc5 d4+ 63. Kxd4 Rxc5 64. Qxc5 Rd8+ 65. Kxc4 Qe4+ 66. Kb3 Rd3+ 67. Kb2 Rd2+ 68. Kb3 Rd3+ 69. Kb2 Rd2+ 70. Kb3 Rd3+ 71. Kb2 Qe2+ 72. Qc2 Rd2 73. Qxd2 Qxd2+ 74. Kb3 Qd5+ 75. Kb2 Qb5+ 76. Kc2 Qc4+ 77. Kb2 Qd4+ 78. Kb1 Qb4+ 1/2-1/2

[Event "41st Jacques-Lemans-Open 2022"]
[Site "St. Veit/Glan"]
[Date "2022.07.15"]
[Round "8.29"]
[White "Guetz, Wolfgang"]
[Black "Zaytsev, Alexander"]
[Result "1/2-1/2"]
[ECO "B40"]
[WhiteElo "2034"]
[BlackElo "1963"]
[Annotator "ChessBase"]
[PlyCount "43"]
[EventDate "2022.07.09"]
[EventType "swiss"]
[EventCountry "AUT"]
[SourceTitle "playchess.com"]
[Source "ChessBase"]
[SourceQuality "1"]
[TimeControl "40/5400+30:1800+30"]

1. e4 c5 2. Nf3 e6 3. d4 cxd4 4. Nxd4 Nf6 5. Bd3 Nc6 6. Nxc6 bxc6 7. O-O d5 8. e5 Nd7 9. Re1 Qc7 10. Bf4 a5 11. Nd2 Ba6 12. Bxa6 Rxa6 13. h4 Rb6 14. Rb1 Rb4 15. Bg3 Be7 16. c3 Rb7 17. Qg4 O-O 18. Nf3 Nc5 19. Bf4 Rfb8 20. Bh6 Bf8 21. b3 Kh8 22. Bg5 1/2-1/2

[Event "41st Jacques-Lemans-Open 2022"]
[Site "St. Veit/Glan"]
[Date "2022.07.15"]
[Round "8.30"]
[White "Holzleithner, Johannes"]
[Black "Rempe, Jonas"]
[Result "1-0"]
[ECO "E67"]
[WhiteElo "2022"]
[BlackElo "1861"]
[Annotator "ChessBase"]
[PlyCount "59"]
[EventDate "2022.07.09"]
[EventType "swiss"]
[EventCountry "AUT"]
[SourceTitle "playchess.com"]
[Source "ChessBase"]
[SourceQuality "1"]
[TimeControl "40/5400+30:1800+30"]

1. d4 Nf6 2. c4 g6 3. g3 Bg7 4. Bg2 O-O 5. Nc3 d6 6. Nf3 Nbd7 7. O-O c6 8. h3 e5 9. e4 Qb6 10. Re1 exd4 11. Nxd4 Re8 12. Nc2 Nc5 13. b4 Ne6 14. Be3 Qc7 15. Qd2 b6 16. Rad1 Rd8 17. f4 Bb7 18. Kh2 d5 19. cxd5 cxd5 20. exd5 Ng4+ 21. hxg4 Bxc3 22. d6 Qc4 23. Qe2 Qxe2 24. Rxe2 Ba6 25. Rf2 Rac8 26. a4 Bc4 27. f5 Ng7 28. b5 Bb3 29. d7 Rc4 30. Bg5 1-0

[Event "41st Jacques-Lemans-Open 2022"]
[Site "St. Veit/Glan"]
[Date "2022.07.15"]
[Round "8.31"]
[White "Praxmarer, Christian"]
[Black "Toefferl, Heimo"]
[Result "1/2-1/2"]
[ECO "A01"]
[WhiteElo "1906"]
[BlackElo "2003"]
[Annotator "ChessBase"]
[PlyCount "65"]
[EventDate "2022.07.09"]
[EventType "swiss"]
[EventCountry "AUT"]
[SourceTitle "playchess.com"]
[Source "ChessBase"]
[SourceQuality "1"]
[TimeControl "40/5400+30:1800+30"]

1. b3 e5 2. Bb2 Nc6 3. e3 Nh6 4. Bb5 d6 5. Nc3 a6 6. Bc4 Be7 7. Nge2 O-O 8. Ng3 Be6 9. O-O d5 10. Be2 f5 11. f4 d4 12. Nb1 e4 13. Ba3 b5 14. Bxe7 Nxe7 15. Qc1 c5 16. d3 Bd5 17. dxe4 fxe4 18. Nd2 Nef5 19. Ndxe4 Nxe3 20. Rf2 Nhg4 21. Bxg4 Nxg4 22. Re2 Qh4 23. h3 Ne3 24. Qe1 Rae8 25. Nd6 Nxc2 26. Ngf5 Nxe1 27. Rxe8 Nf3+ 28. gxf3 Qxf4 29. Rae1 h6 30. Rxf8+ Kh7 31. Re7 Qc1+ 32. Kf2 Qd2+ 33. Kg3 1/2-1/2

[Event "41st Jacques-Lemans-Open 2022"]
[Site "St. Veit/Glan"]
[Date "2022.07.15"]
[Round "8.32"]
[White "Katter, Katharina"]
[Black "Bajorski, Marius"]
[Result "0-1"]
[ECO "D55"]
[WhiteElo "2000"]
[BlackElo "1870"]
[Annotator "ChessBase"]
[PlyCount "64"]
[EventDate "2022.07.09"]
[EventType "swiss"]
[EventCountry "AUT"]
[SourceTitle "playchess.com"]
[Source "ChessBase"]
[SourceQuality "1"]
[TimeControl "40/5400+30:1800+30"]

1. d4 d5 2. Nf3 Nf6 3. c4 e6 4. Nc3 Be7 5. Bg5 O-O 6. e3 h6 7. Bxf6 Bxf6 8. Qc2 c5 9. dxc5 Qa5 10. cxd5 exd5 11. O-O-O Bxc3 12. Qxc3 Qxa2 13. Bb5 Bd7 14. Nd4 Rc8 15. Bxd7 Nxd7 16. b4 g6 17. Rd2 Qa6 18. h4 Qf6 19. g4 a5 20. g5 axb4 21. Qxb4 Qe5 22. Rb2 Nxc5 23. Kd2 Nd3 24. Kxd3 Qe4+ 25. Ke2 Qxh1 26. Qxb7 hxg5 27. Nc6 Re8 28. Ne5 Rf8 29. Nxf7 Ra1 30. Nh6+ Kh8 31. Nf7+ Rxf7 32. Qb8+ Kh7 0-1

[Event "41st Jacques-Lemans-Open 2022"]
[Site "St. Veit/Glan"]
[Date "2022.07.15"]
[Round "8.33"]
[White "Hng, Mei-En Emmanuelle"]
[Black "Burbach, Brunel Baron"]
[Result "1-0"]
[ECO "B21"]
[WhiteElo "1997"]
[BlackElo "1820"]
[Annotator "ChessBase"]
[PlyCount "55"]
[EventDate "2022.07.09"]
[EventType "swiss"]
[EventCountry "AUT"]
[SourceTitle "playchess.com"]
[Source "ChessBase"]
[SourceQuality "1"]
[TimeControl "40/5400+30:1800+30"]

1. e4 c5 2. d4 cxd4 3. c3 dxc3 4. Nxc3 Nc6 5. Bc4 d6 6. Nf3 a6 7. O-O Nf6 8. h3 e6 9. Qe2 Be7 10. Rd1 Qc7 11. Bf4 Ne5 12. Bb3 O-O 13. Rac1 Qb8 14. Nd4 Bd7 15. Bg3 Rc8 16. f4 Nc6 17. Kh2 Nxd4 18. Rxd4 Bc6 19. Rcd1 b5 20. e5 dxe5 21. fxe5 Ne8 22. Rf1 Nc7 23. Qh5 g6 24. Qh6 Bf8 25. Qf4 Be8 26. Ne4 Bg7 27. Nf6+ Bxf6 28. exf6 1-0

[Event "41st Jacques-Lemans-Open 2022"]
[Site "St. Veit/Glan"]
[Date "2022.07.15"]
[Round "8.34"]
[White "Missethan, Michael"]
[Black "Stadlinger, Lea"]
[Result "1/2-1/2"]
[ECO "C45"]
[WhiteElo "1991"]
[BlackElo "1723"]
[Annotator "ChessBase"]
[PlyCount "106"]
[EventDate "2022.07.09"]
[EventType "swiss"]
[EventCountry "AUT"]
[SourceTitle "playchess.com"]
[Source "ChessBase"]
[SourceQuality "1"]
[TimeControl "40/5400+30:1800+30"]

1. e4 e5 2. Nf3 Nc6 3. d4 exd4 4. Nxd4 Nf6 5. Nxc6 bxc6 6. e5 Nd5 7. c4 Bb4+ 8. Nd2 Nb6 9. a3 Be7 10. Bd3 d5 11. O-O O-O 12. b4 c5 13. b5 Bb7 14. cxd5 Bxd5 15. Qc2 h6 16. Bb2 c6 17. bxc6 Bxc6 18. Bh7+ Kh8 19. Be4 Qc7 20. f4 Na4 21. Bc1 Rac8 22. Nc4 Bxe4 23. Qxe4 Qc6 24. Qc2 Nb6 25. Bb2 Nxc4 26. Qxc4 f6 27. e6 f5 28. Rfe1 Rce8 29. Rac1 Bf6 30. Bxf6 Rxf6 31. e7 g6 32. Qxc5 Qxc5+ 33. Rxc5 Kg7 34. Rc7 Ra6 35. Re3 Kf7 36. Kf2 Kg7 37. Rb3 Kf7 38. Re3 Kg7 39. Ke2 Kf7 40. g3 Kg7 41. h3 Kf6 42. Kf3 g5 43. fxg5+ hxg5 44. h4 gxh4 45. gxh4 Ra4 46. h5 Rh4 47. Rxa7 Rxh5 48. Re1 Rh3+ 49. Kf4 Rh4+ 50. Kg3 Re4 51. Rxe4 fxe4 52. a4 Rxe7 53. Rxe7 Kxe7 1/2-1/2

[Event "41st Jacques-Lemans-Open 2022"]
[Site "St. Veit/Glan"]
[Date "2022.07.15"]
[Round "8.35"]
[White "Gruenwald, Simon"]
[Black "Stadlinger, Matthias"]
[Result "1/2-1/2"]
[ECO "B07"]
[WhiteElo "1762"]
[BlackElo "1975"]
[Annotator "ChessBase"]
[PlyCount "32"]
[EventDate "2022.07.09"]
[EventType "swiss"]
[EventCountry "AUT"]
[SourceTitle "playchess.com"]
[Source "ChessBase"]
[SourceQuality "1"]
[TimeControl "40/5400+30:1800+30"]

1. e4 d6 2. d4 Nf6 3. Nc3 Nbd7 4. Nf3 e5 5. dxe5 dxe5 6. Bc4 Be7 7. Bg5 c6 8. O-O O-O 9. Qe2 b5 10. Bb3 a5 11. a3 Qc7 12. Bh4 Nc5 13. Bg3 Bg4 14. Bxe5 Bxf3 15. Bxc7 Bxe2 16. Nxe2 Nxb3 1/2-1/2

[Event "41st Jacques-Lemans-Open 2022"]
[Site "St. Veit/Glan"]
[Date "2022.07.15"]
[Round "8.36"]
[White "Ljubic, Luka"]
[Black "Tonel, Giulia"]
[Result "1-0"]
[ECO "A49"]
[WhiteElo "1768"]
[BlackElo "1969"]
[Annotator "ChessBase"]
[PlyCount "71"]
[EventDate "2022.07.09"]
[EventType "swiss"]
[EventCountry "AUT"]
[SourceTitle "playchess.com"]
[Source "ChessBase"]
[SourceQuality "1"]
[TimeControl "40/5400+30:1800+30"]

1. d4 g6 2. Nf3 Nf6 3. g3 Bg7 4. Bg2 c5 5. O-O cxd4 6. Nxd4 O-O 7. c4 Qc7 8. Nb5 Qd8 9. N1c3 a6 10. Qa4 d6 11. Nd4 Nbd7 12. Rd1 Rb8 13. Qc2 Qc7 14. b3 e5 15. Nf3 b5 16. cxb5 axb5 17. Qd2 b4 18. Na4 d5 19. Bb2 d4 20. Rac1 Qa5 21. a3 Ne4 22. Qe1 f5 23. axb4 Qxb4 24. Qxb4 Rxb4 25. Ba3 Rb8 26. Bxf8 Bxf8 27. Nd2 Nxd2 28. Rxd2 Bh6 29. f4 Kf8 30. Rc7 Ke8 31. Rdc2 Ba6 32. Bc6 Bb5 33. Rxd7 Bxc6 34. Rxh7 Be4 35. Rxh6 Rxb3 36. Rc7 1-0

[Event "41st Jacques-Lemans-Open 2022"]
[Site "St. Veit/Glan"]
[Date "2022.07.16"]
[Round "9.2"]
[White "Windhager, Hannes"]
[Black "Praznik, Niko"]
[Result "1/2-1/2"]
[ECO "B06"]
[WhiteElo "2244"]
[BlackElo "2325"]
[Annotator "ChessBase"]
[PlyCount "115"]
[EventDate "2022.07.09"]
[EventType "swiss"]
[EventCountry "AUT"]
[SourceTitle "playchess.com"]
[Source "ChessBase"]
[SourceQuality "1"]
[TimeControl "40/5400+30:1800+30"]

1. e4 g6 2. d4 Bg7 3. Nc3 d6 4. Be3 Nd7 5. Qd2 a6 6. O-O-O b5 7. f3 Bb7 8. h4 h5 9. Nh3 Ngf6 10. Ng5 Rc8 11. e5 dxe5 12. dxe5 Nxe5 13. Qxd8+ Rxd8 14. Rxd8+ Kxd8 15. Bd4 Nfd7 16. Nxf7+ Nxf7 17. Bxg7 Rg8 18. Bd4 Nd6 19. Bd3 c5 20. Be3 c4 21. Be2 Nf5 22. Bg5 Nf6 23. a4 Bc6 24. Rd1+ Kc7 25. g4 hxg4 26. fxg4 Nd6 27. axb5 axb5 28. Bf4 Rh8 29. Bg3 Ra8 30. g5 Nfe4 31. Nxe4 Bxe4 32. Bg4 Ra1+ 33. Kd2 Rxd1+ 34. Bxd1 Kc6 35. Ke3 Bd5 36. Kf4 b4 37. Ke5 Nf5 38. Bf2 Nd6 39. Be1 Nf7+ 40. Kd4 e5+ 41. Ke3 Kc5 42. Bg3 Kd6 43. Be1 Kc5 44. Bg4 Nd8 45. Bg3 Kd6 46. c3 bxc3 47. bxc3 Be6 48. Bf3 Bf5 49. Be2 Kd5 50. h5 gxh5 51. Bxh5 Bh7 52. Bh4 Bg8 53. Bf3+ Kd6 54. Be4 Ne6 55. g6 Nf4 56. Bg5 Nd5+ 57. Bxd5 Kxd5 58. Bf6 1/2-1/2

[Event "41st Jacques-Lemans-Open 2022"]
[Site "St. Veit/Glan"]
[Date "2022.07.16"]
[Round "9.3"]
[White "Hechl, Gerald"]
[Black "Hresc, Vladimir"]
[Result "1-0"]
[ECO "D00"]
[WhiteElo "2222"]
[BlackElo "2308"]
[Annotator "ChessBase"]
[PlyCount "75"]
[EventDate "2022.07.09"]
[EventType "swiss"]
[EventCountry "AUT"]
[SourceTitle "playchess.com"]
[Source "ChessBase"]
[SourceQuality "1"]
[TimeControl "40/5400+30:1800+30"]

1. d4 d5 2. Nc3 g6 3. e4 dxe4 4. Nxe4 Bg7 5. c3 Nd7 6. Bc4 Ndf6 7. Ng5 Nd5 8. N1f3 Ngf6 9. O-O O-O 10. Ne5 h6 11. Ngf3 Be6 12. Re1 Qd6 13. Qe2 Nb6 14. Bd3 Bf5 15. Bxf5 gxf5 16. c4 c5 17. b4 cxd4 18. c5 Qd8 19. cxb6 Qxb6 20. Qc4 Ne4 21. Nd7 Qd6 22. Nxf8 d3 23. Rb1 Rxf8 24. Bd2 Rd8 25. Rb3 e5 26. Rxe4 fxe4 27. Qxe4 Qe6 28. g4 Qa6 29. a3 Qe6 30. Rc3 h5 31. h3 hxg4 32. hxg4 Bf6 33. Kg2 Rd7 34. Be3 b6 35. Nd2 Rd8 36. f3 Qd7 37. Rc6 Bg7 38. Qc4 1-0